 Dungeon Crawl Stone Soup version 0.30-a0-845-g7c6808c8ce (webtiles) character file.

Game seed: 6217541593325050345

204536 qeuew the Tortoise (level 18, -5/141 (143) HPs)
             Began as a Formicid Fighter on Mar 2, 2023.
             Was the Champion of Jiyva.
             Slain by a phantasmal warrior (19 damage)
             ... on level 4 of the Swamp.
             The game lasted 00:38:08 (18148 turns).

qeuew the Tortoise (Formicid Fighter)              Turns: 18148, Time: 00:38:09

HP:   -5/141 (143)  AC: 31    Str: 22    XL:     18   Next: 79%
MP:   0/18          EV: 16    Int: 23    God:    Jiyva [******]
Gold: 3124          SH: 17    Dex: 31    Spells: 17/17 levels left

rFire   + + .      SeeInvis +    i - +8 hammer "Herpha Qaulyu" {speed, Int+5}
rCold   + + +      Faith    .    D - +0 kite shield
rNeg    . . .      Spirit   +    E - +6 plate armour "Zaokhusu" {Harm Will- Dex+6 Slay+3}
rPois   +          Reflect  .    (helmet unavailable)
rElec   .          Rampage  .    m - scarf {rC+ rF+}
rCorr   +          Harm     + .  a - +3 pair of gauntlets of War {Slay+5}
Will    .....                    (boots unavailable) Stlth
                                 r - amulet "Nuenas" {Spirit Will+ Int+3 Dex+4 Slay+3}
HPRegen 2.03/turn                x - ring of protection from fire
MPRegen 0.66/turn                o - ring of protection from cold

@: mighty, weak-willed, lightly drained
A: permanent stasis, dig shafts and tunnels, antennae 3, four strong arms,
talons 3, agile 2, clever 2, cold resistance 2, poison resistance, shaggy fur 1,
acidic bite, translucent skin 1, jelly absorbing missiles
}: 2/15 runes: slimy, gossamer
a: Dig, Shaft Self, Renounce Religion, Oozemancy, Slimify


You were on level 4 of the Swamp.
You worshipped Jiyva.
Jiyva was exalted by your worship.
You visited 5 branches of the dungeon, and saw 28 of its levels.
You visited the Abyss 1 time.
You also visited: Ossuary, Bailey and Ice Cave.

You collected 3124 gold pieces.

Inventory:

Hand Weapons
 i - the +8 hammer "Herpha Qaulyu" (weapon) {speed, Int+5}
   (You found it on level 3 of the Dungeon)

   Int:       It affects your intelligence (+5).
Missiles
 e - a throwing net
 f - 5 javelins (quivered)
Armour
 a - the +3 pair of gauntlets of War (worn) {Slay+5}
   (You acquired it on level 3 of the Dungeon)

   Slay:      It affects your accuracy & damage with ranged weapons and melee
   (+5).
 m - a scarf of resistance (worn)
 D - a +0 kite shield (worn)
 E - the +6 plate armour "Zaokhusu" (worn) {Harm Will- Dex+6 Slay+3}
   (You found it on level 5 of the Pits of Slime)

   Dex:       It affects your dexterity (+6).
   Slay:      It affects your accuracy & damage with ranged weapons and melee
   (+3).
   Harm:      It increases damage dealt and taken.
   Will:      It decreases your willpower.
 F - a scarf of repulsion
Jewellery
 o - a ring of protection from cold (right hand)
 r - the amulet "Nuenas" (around neck) {Spirit Will+ Int+3 Dex+4 Slay+3}
   (You acquired it on level 5 of the Lair of Beasts)

   [amulet of guardian spirit]

   It causes incoming damage to be divided between your reserves of health and
   magic.
   Int:       It affects your intelligence (+3).
   Dex:       It affects your dexterity (+4).
   Slay:      It affects your accuracy & damage with ranged weapons and melee
   (+3).
   Will:      It increases your willpower.
 x - a ring of protection from fire (left hand)
Wands
 k - a wand of digging (9)
 n - a wand of paralysis (22)
 y - a wand of roots (4)
 A - a wand of flame (29)
 B - a wand of quicksilver (6)
Scrolls
 c - a scroll of butterflies
 g - 3 scrolls of fog
 h - 3 scrolls of immolation
 p - 3 scrolls of identify
 q - a scroll of amnesia
 s - a scroll of enchant weapon
 t - 2 scrolls of enchant armour
 u - 2 scrolls of magic mapping
Potions
 b - 3 potions of brilliance
 d - 5 potions of might
 j - 4 potions of flight
 l - 3 potions of curing
 v - 4 potions of ambrosia
 w - 3 potions of mutation
 z - 3 potions of cancellation
 C - 6 potions of magic


   Skills:
 + Level 13.2 Fighting
 - Level 3.1(11.1) Axes
 * Level 16.3(16.4) Maces & Flails
 + Level 11.6 Throwing
 * Level 20.4 Armour
 + Level 10.8 Dodging
 + Level 15.4 Shields


You had 17 spell levels left.
You didn't know any spells.
Your spell library contained the following spells:

 Spells                   Type           Power      Damage    Failure   Level
 Foxfire                  Conj/Fire      0%         2x1d4     83%         1
 Necrotise                Necr           0%         1d4       83%         1
 Ignite Poison            Fire/Tmut/Pois 0%         N/A       99%         3
 Inner Flame              Hex/Fire       0%         N/A       99%         3
 Vampiric Draining        Necr           0%         2d6       99%         3
 Flame Wave               Conj/Fire      0%         2d4       100%        4
 Petrify                  Tmut/Erth      0%         N/A       100%        4
 Sticky Flame             Conj/Fire      0%         2d3       100%        4
 Agony                    Necr           0%         N/A       100%        5
 Metabolic Englaciation   Hex/Ice        0%         N/A       100%        5
 Summon Forest            Summ/Tloc      0%         N/A       100%        5
 Eringya's Noxious Bog    Tmut/Pois      0%         N/A       100%        6
 Statue Form              Tmut/Erth      0%         N/A       100%        6
 Summon Hydra             Summ           0%         N/A       100%        7


Dungeon Overview and Level Annotations

Branches:
Dungeon (10/15)            Temple (0/1) D:6            Lair (5/5) D:10
  Swamp (4/4) Lair:2       Spider (4/4) Lair:2        Slime (5/5) Lair:4
Ossuary (visited)          Bailey (visited)           IceCv (visited)
    Orc: D:9-12

Altars:
Fedhas
Gozag
Hepliaklqana
Makhleb
Nemelex Xobeh
Qazlal
Uskayaw
Zin
The Shining One
Jiyva

Shops:
D:4 [   D:5 (:=   D:10 (

Portals:
Hell: Lair:5

Annotations:
Spider:2 2 transporters, exclusion: orange crystal statue
Slime:5 Royal Jelly


Innate Abilities, Weirdness & Mutations

You cannot be hasted, slowed, berserked, paralysed or teleported.
You can dig through walls and to a lower floor.
You have a pair of large antennae on your head. (SInv)
Your four strong arms can wield two-handed weapons with a shield.
You have claws for feet.
You are very agile. (Dex +8, Str/Int -2)
Your mind is very acute. (Int +8, Str/Dex -2)
Your flesh is very cold resistant. (rC++)
Your system is resistant to poisons. (rPois)
You are covered in fur. (AC +1)
You have acidic saliva.
Your translucent skin slightly reduces your foes' accuracy. (Stealth+)
You have a small jelly attached to you that may absorb projectiles.


Message History

You block the phantom's attack.
The spectral six-headed hydra bites you but does no damage.
The spectral six-headed hydra barely misses you.
You block the spectral six-headed hydra's attack.
The spectral six-headed hydra barely misses you.
You block the spectral six-headed hydra's attack.
The spectral six-headed hydra misses you.
You hit the spectral six-headed hydra.
The spectral six-headed hydra is heavily damaged.
You sock the spectral six-headed hydra! You claw the spectral six-headed hydra!
You destroy the spectral six-headed hydra!
The phantasmal warrior hits you but does no damage.
The phantom closely misses you.
You sock the bone dragon!
The bone dragon is heavily damaged.
You hit the bone dragon.
The bone dragon is heavily damaged.
The phantasmal warrior hits you!!
* * * LOW HITPOINT WARNING * * *
The phantom barely misses you. The bone dragon barely misses you.
You block the bone dragon's attack.
The bone dragon tramples you but does no damage.
You sock the bone dragon!
You claw the bone dragon, but do no damage.
The bone dragon is severely damaged.
You hit the bone dragon.
You claw the bone dragon, but do no damage.
Your bite misses the bone dragon.
The bone dragon is severely damaged.
The phantasmal warrior hits you!
* * * LOW HITPOINT WARNING * * *
The bone dragon bites you but does no damage.
The bone dragon misses you. You block the bone dragon's attack.
The phantom hits you but does no damage.
You feel better. You block the phantom's attack. The bone dragon bites you!
* * * LOW HITPOINT WARNING * * *
The bone dragon claws you but does no damage.
The bone dragon tramples you but does no damage.
The phantasmal warrior hits you!
You die...

### ##
###@##..###
#≈WDW.....#
##≈.Z~....[.
##≈.#~~......{
##≈..####....°
##≈≈.#### #...°{
##≈≈.....## ...°
##♣♣
#≈≈≈....°≈## #.#
##≈≈♣
#.≈≈.###~..#####
#≈≈≈♣


You could see a bone dragon, a phantasmal warrior, a spectral five-headed hydra
and a phantom.

Vanquished Creatures
  Mara (Spider:4)
  Asterion (Spider:3)
  Agnes (Spider:3)
  Roxanne (Spider:2)
  3 ghouls (Swamp:4)
  6 ghost moths
  4 emperor scorpions
  2 broodmothers (Spider:2)
  2 eleionomae
  3 spark wasps
  7 bunyips
  2 blizzard demons (IceCv)
  A shambling mangrove (Swamp:2)
  An ice dragon (Lair:5)
  An entropy weaver (Spider:4)
  2 catoblepae
  3 radroaches
  4 jorogumos
  8 hydras
  15 alligators
  3 boulder beetles
  7 death scarabs (Spider:4)
  15 death yaks
  2 skysharks (Lair:5)
  8 spriggans
  7 pharaoh ants
  A death drake (Swamp:4)
  7 goliath frogs
  A sixfirhy (Lair:5)
  A sun moth (Spider:3)
  4 swamp dragons
  6 orb spiders
  An obsidian statue (IceCv)
  10 spriggan simulacra (IceCv)
  A spectral hydra (Swamp:4)
  A spriggan druid (Swamp:3)
  2 spectral wolf spiders (Spider:4)
  Pikel (D:4)
  A wizard (Lair:5)
  8 bog bodies
  2 phantasmal warriors (Swamp:4)
  4 steelbarb worms
  15 wolf spiders
  2 will-o-the-wisps (Swamp:2)
  10 elephants (Lair:5)
  3 moths of wrath
  Joseph (D:7)
  4 black mambas
  A smoke demon (Lair:5)
  An orange demon (Lair:5)
  2 ice statues (Swamp:3)
  A gargoyle (D:10)
  7 cane toads
  10 torpor snails
  2 spectral redbacks (Spider:4)
  8 demonic crawlers
  21 rime drakes
  4 swamp worm zombies (Swamp:4)
  3 anaconda simulacra (IceCv)
  12 ice devils
  3 hydra zombies (Swamp:4)
  2 komodo dragons
  3 freezing wraiths (IceCv)
  2 kobold demonologists (Bailey)
  A golden dragon simulacrum (IceCv)
  4 redback zombies (Spider:4)
  A red devil (Lair:5)
  4 polar bears
  A troll (D:10)
  2 bloated husks (Swamp:4)
  4 spectral jumping spiders (Spider:4)
  3 spectral tarantellas (Spider:4)
  11 blink frogs
  A culicivora zombie (Spider:4)
  9 hornets
  28 tarantellas
  10 tyrant leeches
  5 dream sheep (Lair:5)
  A tarantella zombie (Spider:4)
  3 spectral swamp dragons (Swamp:4)
  A spectral culicivora (Spider:4)
  A jumping spider zombie (Spider:4)
  4 alligator zombies (Swamp:4)
  16 culicivoras
  21 jumping spiders
  A dire elephant simulacrum (IceCv)
  31 yaks
  4 basilisks
  7 wyverns
  8 minotaur simulacra (IceCv)
  4 steam dragons (Lair:2)
  23 redbacks
  16 vampire mosquitoes
  6 harpy simulacra (IceCv)
  2 acid dragons
  4 hell hounds (Lair:5)
  14 swamp worms
  2 hydra simulacra (IceCv)
  16 water moccasins
  10 orc warriors
  An ice beast (D:6)
  3 swamp dragon zombies (Swamp:4)
  3 black bears
  2 swamp drakes
  An ogre (D:5)
  19 wolves
  2 centaurs (D:9)
  A lemure (D:4)
  5 phantoms
  2 kobold brigands
  7 bullfrogs
  6 scorpions
  A gnoll sergeant (D:10)
  3 deep troll simulacra (IceCv)
  2 water moccasin zombies (Ossuary)
  13 wights (D:8)
  A lindwurm simulacrum (IceCv)
  A killer bee (D:10)
  6 electric eels
  6 spriggan skeletons (D:9)
  A troll skeleton (D:9)
  3 orc priests
  Crazy Yiuf (D:3)
  3 hounds
  A gnoll bouda (D:7)
  2 sleepcaps
  2 iguanas
  6 orc wizards
  7 hell rats
  2 spectral swamp drakes (Swamp:4)
  2 mummies (Ossuary)
  9 gnolls
  9 adders
  A swamp drake zombie (Swamp:4)
  A white imp (D:6)
  An ufetubus (D:5)
  An adder zombie (Ossuary)
  2 worms (D:2)
  A dart slug (D:4)
  35 orcs
  3 endoplasms
  4 giant cockroaches
  4 gnoll zombies (Ossuary)
  10 hobgoblins
  15 jackals
  3 quokkas
  8 ball pythons
  4 bats
  5 frilled lizards
  21 goblins
  13 kobolds
  2 kobold zombies (Ossuary)
  6 orc zombies (Ossuary)
  3 rats (D:1)
  A butterfly (Lair:3)
834 creatures vanquished.

Vanquished Creatures (collateral kills)
  A tarantella (Spider:3)
1 creature vanquished.

Vanquished Creatures (others)
  2 goliath frogs
  A swamp worm zombie (Swamp:4)
  3 bloated husks
  3 water moccasins
  A black bear (D:5)
  A phantom (Swamp:4)
  A water moccasin zombie (Ossuary)
  A killer bee (D:10)
  71 jellies
  3 gnolls
  3 white imps (Lair:5)
  An ufetubus (D:6)
  4 adder zombies (Ossuary)
  The ghost of DiggyJ the Sneak, a weakling KoDe (D:8)
  3 orcs
  A ball python (D:2)
  3 goblins
  A hobgoblin (D:4)
  2 jackals (D:5)
  A kobold (D:2)
  A quokka (D:2)
  2 gnoll zombies (Ossuary)
  A hobgoblin zombie (Ossuary)
  A kobold zombie (Ossuary)
  2 orc zombies (Ossuary)
  A butterfly (Lair:3)
  2 demonic plants (D:2)
  2 foxfires (Swamp:2)
  60 fungi
  61 plants
240 creatures vanquished.

Grand Total: 1075 creatures vanquished

Notes
Turn   | Place    | Note
-------+----------+-------------------------------------------
     0 | D:1      | qeuew the Formicid Fighter began the quest for the Orb.
     0 | D:1      | Reached XP level 1. HP: 18/18 MP: 1/1
    79 | D:1      | Reached XP level 2. HP: 24/24 MP: 2/2
   443 | D:1      | Reached XP level 3. HP: 29/29 MP: 3/3
  1247 | D:2      | Reached XP level 4. HP: 28/35 MP: 4/4
  1278 | D:2      | You fall into a shaft and drop 1 floor!
  1390 | D:2      | Found a faded altar of an unknown god.
  1390 | D:2      | Noticed a tormentor
  1405 | D:2      | Prayed at the altar of an unknown god.
  1405 | D:2      | Became a worshipper of Jiyva Jaokit the Shapeless
  1405 | D:2      | Reached * piety under Jiyva
  1438 | D:2      | Reached skill level 1 in Throwing
  1438 | D:2      | Reached skill level 1 in Dodging
  1457 | D:2      | Reached skill level 4 in Armour
  1707 | D:2      | Reached XP level 5. HP: 42/42 MP: 5/5
  1905 | D:3      | Reached ** piety under Jiyva
  2121 | D:3      | Found a runed translucent door.
  2122 | D:3      | Noticed Crazy Yiuf
  2480 | D:3      | Killed Crazy Yiuf
  2485 | D:3      | Identified the +8 hammer "Herpha Qaulyu" {speed, Int+5}
  2496 | D:3      | Identified a scroll of acquirement
  2496 | D:3      | Acquired the +3 pair of gauntlets of War {Slay+5}
  2496 | D:3      | Found the +3 pair of gauntlets of War {Slay+5}
  2549 | D:4      | Reached XP level 6. HP: 48/48 MP: 6/6
  2559 | D:4      | Reached skill level 1 in Maces & Flails
  2640 | D:4      | Found an opulent altar of Gozag.
  2656 | D:4      | Found Unec's Armour Boutique.
  2668 | D:4      | Reached *** piety under Jiyva
  2671 | D:4      | Found a glowing silver altar of Zin.
  2825 | D:4      | Noticed Pikel
  2836 | D:4      | Killed Pikel
  2837 | D:4      | Reached skill level 5 in Armour
  2837 | D:4      | Reached skill level 5 in Shields
  2837 | D:4      | Reached XP level 7. HP: 31/55 MP: 7/7
  2837 | D:4      | Reached XP level 8. HP: 34/61 MP: 8/8
  2857 | D:4      | Found a glowing golden altar of the Shining One.
  2872 | D:4      | Gained mutation: You have sharp toenails. [Jiyva's grace]
  2872 | D:4      | Gained mutation: You have razor-sharp toenails. [Jiyva's
                  | grace]
  2872 | D:4      | Gained mutation: You have claws for feet. [Jiyva's grace]
  2872 | D:4      | Gained mutation: Your melee attacks may engulf your foes in
                  | ooze. [Jiyva's grace]
  3044 | D:5      | Entered Level 5 of the Dungeon
  3174 | D:5      | Found a sand-covered staircase.
  3179 | Ossuary  | Entered an ossuary
  3376 | D:5      | Found Eppai's Jewellery Shop.
  3448 | D:5      | Reached skill level 6 in Armour
  3482 | D:5      | Found Neac's Weapon Emporium.
  3497 | D:5      | Found Mimakyom's Book Shop.
  3575 | D:5      | Found a blossoming altar of Fedhas.
  3578 | D:5      | Reached skill level 5 in Fighting
  3672 | D:5      | Reached **** piety under Jiyva
  4142 | D:6      | Reached XP level 9. HP: 58/68 MP: 9/9
  4302 | D:6      | Reached ***** piety under Jiyva
  4400 | D:6      | Found a hide-covered altar of Uskayaw.
  4496 | D:6      | Found a staircase to the Ecumenical Temple.
  4553 | D:7      | Noticed Joseph
  4566 | D:7      | Killed Joseph
  4567 | D:7      | Reached skill level 5 in Maces & Flails
  4567 | D:7      | Reached skill level 7 in Armour
  4605 | D:7      | Gained mutation: You are robust. (+10% HP) [Jiyva's grace]
  4605 | D:7      | Gained mutation: You are very robust. (+20% HP) [Jiyva's
                  | grace]
  4605 | D:7      | Gained mutation: You are extremely robust. (+30% HP)
                  | [Jiyva's grace]
  4605 | D:7      | Gained mutation: You passively map a small area around you.
                  | [Jiyva's grace]
  4644 | D:7      | Reached skill level 8 in Armour
  4644 | D:7      | Reached XP level 10. HP: 57/98 MP: 10/10
  4866 | D:7      | Identified the +0 pair of boots "Doziadghadd" {-Cast rN+++
                  | Will+++ Int-3}
  4929 | D:7      | Identified the amulet "Qaser" {Spirit +Inv Int+7 Dex-3}
  5133 | D:8      | Killed DiggyJ's ghost
  5164 | D:8      | Found a runed translucent gate.
  5164 | D:8      | Found a runed translucent gate.
  5164 | D:8      | Found a runed translucent gate.
  5164 | D:8      | Found a viscous altar of Jiyva.
  5478 | D:8      | Found a sparkling altar of Nemelex Xobeh.
  5478 | D:8      | Found a hazy altar of Hepliaklqana.
  5663 | D:8      | Lost mutation: You are extremely robust. (+30% HP) [potion
                  | of mutation]
  5663 | D:8      | Lost mutation: Your melee attacks may engulf your foes in
                  | ooze. [potion of mutation]
  5663 | D:8      | Lost mutation: You passively map a small area around you.
                  | [potion of mutation]
  5663 | D:8      | Lost mutation: You are very robust. (+20% HP) [potion of
                  | mutation]
  5663 | D:8      | Gained mutation: You are partially covered in large bone
                  | plates. (SH +4) [potion of mutation]
  5846 | D:9      | Found a flagged portal.
  5847 | D:9      | Reached ****** piety under Jiyva
  5866 | D:9      | Reached skill level 5 in Throwing
  5866 | D:9      | Reached skill level 9 in Armour
  5880 | Bailey   | Entered a bailey
  5967 | Bailey   | Noticed a kobold demonologist
  5976 | Bailey   | Killed a kobold demonologist
  5977 | Bailey   | Reached XP level 11. HP: 91/91 MP: 11/11
  6171 | Bailey   | Found an iron altar of Okawaru.
  6182 | Bailey   | Reached skill level 5 in Dodging
  6199 | Bailey   | Identified the +8 pearl dragon scales of Orenaul {Harm rN+
                  | Will+ Str-3}
  6217 | Bailey   | Noticed a soul eater
  6392 | D:9      | Gained mutation: Your rubbery body absorbs attacks. (AC +1,
                  | EV +1) [Jiyva's grace]
  6392 | D:9      | Gained mutation: Your pliable body absorbs attacks. (AC +2,
                  | EV +2) [Jiyva's grace]
  6392 | D:9      | Gained mutation: Your gelatinous body deflects attacks. (AC
                  | +3, EV +3) [Jiyva's grace]
  6392 | D:9      | Gained mutation: You possess an exceptional clarity of
                  | mind. [Jiyva's grace]
  6833 | D:9      | Acquired a manual of Armour
  6853 | D:10     | Entered Level 10 of the Dungeon
  6862 | D:10     | Found Adaeplao's Firing Range.
  6899 | D:10     | Reached skill level 10 in Armour
  7126 | D:10     | Found a stormy altar of Qazlal.
  7126 | D:10     | Found a burning altar of Makhleb.
  7324 | D:10     | Found a staircase to the Lair.
  7352 | Lair:1   | Entered Level 1 of the Lair of Beasts
  7509 | Lair:1   | Noticed a catoblepas
  7530 | Lair:1   | Killed a catoblepas
  7531 | Lair:1   | Reached skill level 11 in Armour
  7851 | Lair:1   | Lost mutation: You are partially covered in large bone
                  | plates. (SH +4) [Jiyva's grace]
  7851 | Lair:1   | Lost mutation: Your gelatinous body deflects attacks. (AC
                  | +3, EV +3) [Jiyva's grace]
  7851 | Lair:1   | Gained mutation: Your body has grown eyes which may confuse
                  | attackers. (Acc +3) [Jiyva's grace]
  7851 | Lair:1   | Gained mutation: Your body has grown many eyes which may
                  | confuse attackers. (Acc +5) [Jiyva's grace]
  7851 | Lair:1   | Gained mutation: Your body is covered in eyes which may
                  | confuse attackers. (Acc +7, SInv) [Jiyva's grace]
  7851 | Lair:1   | Gained mutation: You are covered in slimy tendrils that may
                  | disarm your opponents. [Jiyva's grace]
  8241 | Lair:2   | Reached XP level 12. HP: 100/101 MP: 12/12
  8335 | Lair:2   | Found a hole to the Spider Nest.
  8355 | Lair:2   | Reached skill level 12 in Armour
  8580 | Lair:2   | Reached skill level 10 in Shields
  8600 | Lair:2   | Found a staircase to the Swamp.
  8677 | Lair:2   | Reached skill level 13 in Armour
  8813 | Lair:2   | Reached skill level 10 in Maces & Flails
  8919 | Lair:3   | Noticed a death yak
  8920 | Lair:3   | Noticed a death yak
  8920 | Lair:3   | Noticed a death yak
  8921 | Lair:3   | Noticed a death yak
  8921 | Lair:3   | Noticed a death yak
  8921 | Lair:3   | Noticed a death yak
  8940 | Lair:3   | Killed a death yak
  8941 | Lair:3   | Reached XP level 13. HP: 102/108 MP: 13/13
  8972 | Lair:3   | Reached skill level 14 in Armour
  9292 | Lair:3   | Lost mutation: You have claws for feet. [Jiyva's grace]
  9292 | Lair:3   | Lost mutation: Your body is covered in eyes which may
                  | confuse attackers. (Acc +7, SInv) [Jiyva's grace]
  9292 | Lair:3   | Gained mutation: You have a small jelly attached to you
                  | that senses nearby items. [Jiyva's grace]
  9292 | Lair:3   | Gained mutation: You are agile. (Dex +4, Str/Int -1)
                  | [Jiyva's grace]
  9292 | Lair:3   | Gained mutation: You are very agile. (Dex +8, Str/Int -2)
                  | [Jiyva's grace]
  9292 | Lair:3   | Gained mutation: You have a small jelly attached to you
                  | that may absorb projectiles. [Jiyva's grace]
  9826 | Lair:4   | Found a viscous altar of Jiyva.
  9827 | Lair:4   | Found a staircase to the Slime Pits.
  9976 | Slime:1  | Entered Level 1 of the Pits of Slime
  9976 | Slime:1  | Noticed a quicksilver ooze
  9976 | Slime:1  | Noticed a quicksilver ooze
  9976 | Slime:1  | Noticed a rockslime
  9985 | Slime:2  | Noticed an acid blob
  9990 | Slime:3  | Noticed a rockslime
  9990 | Slime:3  | Noticed an acid blob
  9993 | Slime:3  | Noticed an azure jelly
  9995 | Slime:3  | Noticed a rockslime
  9999 | Slime:3  | Noticed an azure jelly
 10002 | Slime:4  | Noticed an acid blob
 10004 | Slime:4  | Noticed a quicksilver ooze
 10005 | Slime:5  | Entered Level 5 of the Pits of Slime
 10005 | Slime:5  | Noticed an acid blob
 10008 | Slime:5  | Noticed an acid blob
 10017 | Slime:5  | Noticed a rockslime
 10023 | Slime:5  | Noticed a rockslime
 10024 | Slime:5  | Found a viscous altar of Jiyva.
 10024 | Slime:5  | Noticed the Royal Jelly
 10024 | Slime:5  | Noticed an acid blob
 10025 | Slime:5  | Noticed a rockslime
 10025 | Slime:5  | Noticed an acid blob
 10026 | Slime:5  | Noticed an acid blob
 10027 | Slime:5  | Noticed a great orb of eyes
 10027 | Slime:5  | Noticed an azure jelly
 10027 | Slime:5  | Noticed a great orb of eyes
 10028 | Slime:5  | Noticed an azure jelly
 10029 | Slime:5  | Noticed an acid blob
 10030 | Slime:5  | Identified the ring "Zoegg" {rF+ Int+2 Stlth+}
 10031 | Slime:5  | Noticed a quicksilver ooze
 10038 | Slime:5  | Identified the ring "Ujopyusol" {rC+ Will+ Str-2 Dex+3}
 10041 | Slime:5  | Identified the +10 sling "Gaogemet" {freeze, Fly Str+2}
 10046 | Slime:5  | Identified the +5 whip "Transmigrator" {distort, Str+3}
 10059 | Slime:5  | Got the Catalogue of the Shapeshifter and Striking
 10061 | Slime:5  | Identified the +6 chain mail of Abstinence {Int+3}
 10070 | Slime:5  | Identified the +6 scale mail of Articulation {rElec rPois
                  | rC+++ Dex-2}
 10073 | Slime:5  | Got a slimy rune of Zot
 10077 | Slime:5  | Identified the +6 plate armour "Zaokhusu" {Harm Will- Dex+6
                  | Slay+3}
 10109 | Slime:5  | Identified the +7 sling of Somewhere Else {heavy, rF- rC-
                  | Will+++ SInv}
 10134 | Slime:4  | Noticed a quicksilver ooze
 10148 | Slime:2  | Noticed an acid blob
 10297 | Lair:4   | Reached skill level 15 in Armour
 10636 | Lair:5   | Entered Level 5 of the Lair of Beasts
 10695 | Lair:5   | Reached XP level 14. HP: 118/118 MP: 14/14
 10732 | Lair:5   | Reached skill level 16 in Armour
 10904 | Lair:5   | Reached skill level 10 in Fighting
 11164 | Abyss:2  | Cast into level 2 of the Abyss (a wizard)
 11186 | Lair:5   | Escaped the Abyss
 11190 | Lair:5   | Reached skill level 17 in Armour
 11193 | Lair:5   | Found a burning altar of Makhleb.
 11236 | Lair:5   | Found a gateway to Hell.
 11571 | Lair:5   | Acquired the amulet "Nuenas" {Spirit Will+ Int+3 Dex+4
                  | Slay+3}
 11681 | Spider:1 | Entered Level 1 of the Spider Nest
 11681 | Spider:1 | Lost mutation: You possess an exceptional clarity of mind.
                  | [Jiyva's grace]
 11681 | Spider:1 | Lost mutation: Your body has grown many eyes which may
                  | confuse attackers. (Acc +5) [Jiyva's grace]
 11681 | Spider:1 | Lost mutation: Your pliable body absorbs attacks. (AC +2,
                  | EV +2) [Jiyva's grace]
 11681 | Spider:1 | Lost mutation: You have a small jelly attached to you that
                  | senses nearby items. [Jiyva's grace]
 11681 | Spider:1 | Gained mutation: You are covered in fur. (AC +1) [Jiyva's
                  | grace]
 11681 | Spider:1 | Gained mutation: You are covered in thick fur. (AC +2)
                  | [Jiyva's grace]
 11681 | Spider:1 | Gained mutation: Your thick and shaggy fur keeps you warm.
                  | (AC +3, rC+) [Jiyva's grace]
 11681 | Spider:1 | Gained mutation: You expend magic power (3 MP) to
                  | strengthen your wands. [Jiyva's grace]
 11693 | Spider:1 | Reached XP level 15. HP: 128/128 MP: 15/15
 12377 | Spider:2 | Found a transporter.
 12384 | Spider:2 | Noticed an emperor scorpion
 12391 | Spider:2 | Found a transporter.
 12632 | Spider:2 | Noticed a broodmother
 12653 | Spider:2 | Noticed Roxanne
 12708 | Spider:2 | Killed Roxanne
 12761 | Spider:2 | Reached skill level 18 in Armour
 12777 | Spider:2 | Noticed a broodmother
 12782 | Spider:2 | Noticed a ghost moth
 12789 | Spider:2 | Killed a broodmother
 12796 | Spider:2 | Killed a ghost moth
 12858 | Spider:2 | Noticed a ghost moth
 12863 | Spider:2 | Noticed a broodmother
 12865 | Spider:2 | Killed a ghost moth
 12874 | Spider:2 | Killed a broodmother
 13066 | Spider:2 | Reached XP level 16. HP: 125/137 MP: 14/16
 13151 | Spider:3 | Lost mutation: Your thick and shaggy fur keeps you warm.
                  | (AC +3, rC+) [Jiyva's grace]
 13151 | Spider:3 | Lost mutation: You are covered in slimy tendrils that may
                  | disarm your opponents. [Jiyva's grace]
 13151 | Spider:3 | Lost mutation: You expend magic power (3 MP) to strengthen
                  | your wands. [Jiyva's grace]
 13151 | Spider:3 | Gained mutation: Your mind is acute. (Int +4, Str/Dex -1)
                  | [Jiyva's grace]
 13151 | Spider:3 | Gained mutation: Your mind is very acute. (Int +8, Str/Dex
                  | -2) [Jiyva's grace]
 13151 | Spider:3 | Gained mutation: Your translucent skin slightly reduces
                  | your foes' accuracy. (Stealth+) [Jiyva's grace]
 13151 | Spider:3 | Gained mutation: Your translucent skin reduces your foes'
                  | accuracy. (Stealth+) [Jiyva's grace]
 13281 | Spider:3 | Noticed an emperor scorpion
 13293 | Spider:3 | Killed an emperor scorpion
 13370 | Spider:3 | Noticed Bai Suzhen
 13371 | Spider:3 | Noticed Asterion
 13377 | Spider:3 | Slimified Bai Suzhen
 13377 | Spider:3 | Bai Suzhen changed into Bai Suzhen the acid blob
 13377 | Spider:3 | Noticed Bai Suzhen
 13391 | Spider:3 | Killed Asterion
 13628 | Spider:3 | Reached skill level 10 in Throwing
 13810 | Spider:3 | Noticed Agnes
 13815 | Spider:3 | Killed Agnes
 14117 | Spider:4 | Entered Level 4 of the Spider Nest
 14494 | Spider:4 | Noticed an emperor scorpion
 14496 | Spider:4 | Noticed Mara
 14506 | Spider:4 | Noticed qeuew's illusion
 14515 | Spider:4 | Killed an emperor scorpion
 14539 | Spider:4 | Killed Mara
 14643 | Spider:4 | Noticed an emperor scorpion
 14648 | Spider:4 | Noticed an emperor scorpion
 14660 | Spider:4 | Killed an emperor scorpion
 14668 | Spider:4 | Killed an emperor scorpion
 14669 | Spider:4 | Reached skill level 19 in Armour
 14669 | Spider:4 | Reached XP level 17. HP: 130/146 MP: 9/17
 14795 | Spider:4 | Got a gossamer rune of Zot
 15122 | Swamp:1  | Entered Level 1 of the Swamp
 15135 | Swamp:1  | Reached skill level 15 in Maces & Flails
 15176 | Swamp:1  | Lost mutation: Your mind is very acute. (Int +8, Str/Dex
                  | -2) [Jiyva's grace]
 15176 | Swamp:1  | Lost mutation: Your mind is acute. (Int +4, Str/Dex -1)
                  | [Jiyva's grace]
 15176 | Swamp:1  | Lost mutation: You are robust. (+10% HP) [Jiyva's grace]
 15176 | Swamp:1  | Lost mutation: You are covered in thick fur. (AC +2)
                  | [Jiyva's grace]
 15176 | Swamp:1  | Lost mutation: Your body has grown eyes which may confuse
                  | attackers. (Acc +3) [Jiyva's grace]
 15176 | Swamp:1  | Gained mutation: Your flesh is cold resistant. (rC+)
                  | [Jiyva's grace]
 15176 | Swamp:1  | Gained mutation: Your flesh is very cold resistant. (rC++)
                  | [Jiyva's grace]
 15176 | Swamp:1  | Gained mutation: Your flesh is almost immune to the effects
                  | of cold. (rC+++) [Jiyva's grace]
 15176 | Swamp:1  | Gained mutation: You have acidic saliva. [Jiyva's grace]
 15221 | Swamp:1  | Reached skill level 10 in Dodging
 16331 | Swamp:3  | Found a frozen archway.
 16352 | IceCv    | Entered an ice cave
 16474 | IceCv    | Reached XP level 18. HP: 142/142 MP: 18/18
 16633 | IceCv    | Identified the ring of Kourgh {rC+ Int+4}
 16754 | IceCv    | Lost mutation: Your flesh is almost immune to the effects
                  | of cold. (rC+++) [Jiyva's grace]
 16754 | IceCv    | Lost mutation: Your rubbery body absorbs attacks. (AC +1,
                  | EV +1) [Jiyva's grace]
 16754 | IceCv    | Lost mutation: Your translucent skin reduces your foes'
                  | accuracy. (Stealth+) [Jiyva's grace]
 16754 | IceCv    | Gained mutation: Your system is resistant to poisons.
                  | (rPois) [Jiyva's grace]
 16754 | IceCv    | Gained mutation: You have claws for feet. [Jiyva's grace]
 16754 | IceCv    | Gained mutation: Your mind is acute. (Int +4, Str/Dex -1)
                  | [Jiyva's grace]
 16754 | IceCv    | Gained mutation: Your mind is very acute. (Int +8, Str/Dex
                  | -2) [Jiyva's grace]
 16762 | IceCv    | Reached skill level 15 in Shields
 16960 | Swamp:3  | Reached skill level 20 in Armour
 17418 | Swamp:4  | Entered Level 4 of the Swamp
 18115 | Swamp:4  | Noticed a bone dragon
 18148 | Swamp:4  | Slain by a phantasmal warrior

Illustrated notes

Levels and vault maps discovered:
D:1:      sevenhm_arrival_forest_fort_small_4, layout_basic,
          minmay_shallow_snake_nest
D:2:      layout_basic, dreamdust_ecumenical_altar_sealed_demon,
          kennysheep_big_empty_room, kennysheep_generic_room_14
D:3:      layout_basic, serial_forest, infiniplex_forest_lined_room_2,
          infiniplex_forest_end_1, infiniplex_forest_clump_cross,
          infiniplex_forest_end_2, infiniplex_forest_lined_corner,
          item_on_display_a, uniq_crazy_yiuf_cottage
D:4:      layout_cave_pools, pdpol_temple_overflow_zin_treasury_gozag_greed,
          lemuel_crystal_altar, serial_shops, nicolae_shop_crystal,
          hangedman_decor_opposing, dreamdust_wishing_well,
          hangedman_decor_lopped, uniq_pikel
D:5:      layout_basic, fedhas_altar_3, enter_ossuary_2, serial_shops, shop,
          nicolae_wooded_promenade
D:6:      layout_cave_pools, nicolae_uskayaw_suspiria,
          minmay_temple_entry_poolview
D:7:      layout_cave_pools, hangedman_abyss_or_decor_stagger, st_stairs_12,
          uniq_joseph
D:8:      layout_rooms, minitemple, gammafunk_ghost_ooze
D:9:      layout_irregular_city, enter_bailey_3, moated_statue,
          minmay_liquid_box, hangedman_tell_no_tales
D:10:     layout_basic, jmf_multi_god_temple, grunt_lair_entry_orc_guard_hut,
          serial_glass, glass_columns_c, glass_columns_b, serial_shops,
          nicolae_lakefront_shop, nicolae_shop_firing_range
Lair:1:   layout_cave_pods, st_stairs_13
Lair:2:   layout_misc_corridors, nicolae_swamp_entry_splash_gauntlet,
          spider_nest_entry_web_field, bobbens_dragon_lair_wall,
          lemuel_fruit_fields
Lair:3:   layout_loops_ring, serial_bayou_shore_b, lemuel_fruit_tree,
          lemuel_fruit_fields
Lair:4:   layout_big_grid, slime_entry_1, grunt_megastairs_2
Lair:5:   evil_forest, layout_big_grid, bobbens_ice_dragon_lair
Swamp:1:  layout_basic_swamp, evilmike_swamp_ruin_house_2
Swamp:2:  layout_falls_marsh, nicolae_swamp_very_dense_foliage,
          nicolae_swamp_catching_bugs
Swamp:3:  layout_basic_swamp, portal_ice_cave_entry_ice_statue_two,
          evilmike_swamp_ruin_house_4, swamp_pool1
Swamp:4:  swamp_pestilence, layout_basic_swamp, swamp_pool1
Spider:1: layout_spider_delve
Spider:2: gammafunk_sealed_arena, nicolae_spider_claw_tunnel, uniq_roxanne
Spider:3: nicolae_spider_hilbert_zone_3 [nicolae_spider_hilbert_4_sides_2_open,
          nicolae_spider_hilbert_3_sides_1_open,
          nicolae_spider_hilbert_3_sides_1_open,
          nicolae_spider_hilbert_3_sides_1_open,
          nicolae_spider_hilbert_3_sides_1_open,
          nicolae_spider_hilbert_4_sides_1_open,
          nicolae_spider_hilbert_4_sides_1_open,
          nicolae_spider_hilbert_4_sides_1_open,
          nicolae_spider_hilbert_4_sides_1_open,
          nicolae_spider_hilbert_4_sides_1_open,
          nicolae_spider_hilbert_4_sides_1_open,
          nicolae_spider_hilbert_4_sides_1_open,
          nicolae_spider_hilbert_4_sides_1_open,
          nicolae_spider_hilbert_3_sides_1_open,
          nicolae_spider_hilbert_3_sides_1_open,
          nicolae_spider_hilbert_3_sides_1_open,
          nicolae_spider_hilbert_3_sides_1_open], uniq_asterion, uniq_agnes,
          uniq_bai_suzhen
Spider:4: floodkiller_spider_rune_tomb, hellmonk_deceptive_appearances,
          uniq_mara
Slime:1:  layout_caves
Slime:2:  layout_caves
Slime:3:  layout_caves
Slime:4:  layout_caves, uniq_dissolution
Slime:5

Skill      XL: |  1  2  3  4  5  6  7  8  9 10 11 12 13 14 15 16 17 18 |
---------------+-------------------------------------------------------+-----
Throwing       | 1 2 3 4 5 6 7 8 9 10 11 | 11.6
Dodging        | 1 2 3 4 5 6 7 8 9 10 | 10.8
Armour         | 4 5 6 8 9 11 13 15 17 18 19 20 | 20.4
Axes           | 3 |  3.1
Fighting       | 4 5 6 7 8 9 10 11 12 13 | 13.2
Maces & Flails | 2 4 5 7 8 10 11 12 13 14 15 16 | 16.3
Shields        | 5 6 7 8 9 10 11 12 13 14 15 | 15.4

Action                     |  1- 3 |  4- 6 |  7- 9 | 10-12 | 13-15 | 16-18 || total
---------------------------+-------+-------+-------+-------+-------+-------++-------
  Melee: War axe           |    93 |    87 |       |       |       |       ||   180
         Mace              |       |    24 |   156 |   493 |   722 |  1068 ||  2463
         Kick              |       |       |    46 |   177 |   368 |   448 ||  1039
         Bite              |       |       |       |       |       |    93 ||    93
  Throw: Javelin           |       |       |       |       |       |     2 ||     2
 Invoke: Oozemancy         |       |       |       |       |     1 |     1 ||     2
         Slimify           |       |       |       |       |       |     1 ||     1
Ability: Dig               |       |       |       |     2 |       |       ||     2
    Use: Potion            |     3 |     2 |     3 |     1 |     4 |     8 ||    21
         Scroll            |     2 |     2 |     4 |    11 |     3 |     4 ||    26
   Stab: Confused          |       |       |       |    10 |    22 |     7 ||    39
         Invisible         |       |       |       |       |       |     3 ||     3
 Armour: Scale mail        |    45 |    47 |    43 |   115 |    18 |       ||   268
         Plate armour      |       |       |       |       |   265 |   312 ||   577
  Dodge: Dodged            |    55 |    48 |    52 |   171 |   322 |   527 ||  1175
  Block: Buckler           |    27 |    32 |    32 |   136 |   237 |    23 ||   487
         Kite shield       |       |       |       |       |       |   622 ||   622

Table legend: (Time is in decaauts)
 A = Elapsed time spent in this place.
 B = Non-inter-level travel time spent in this place.
 C = Inter-level travel time spent in this place.
 D = Time resting spent in this place.
 E = Time spent auto-exploring this place.
 F = Levels seen in this place.
 G = Mean time per level.
                   A        B        C        D        E       F      G
               +--------+--------+--------+--------+--------+-----+--------+
         Total |  17373 |  16590 |    783 |     57 |  12429 |  32 |  542.9 |
       Dungeon |   6781 |   6564 |    217 |      0 |   5356 |  10 |  678.1 |
          Lair |   3909 |   3647 |    262 |     18 |   2844 |   5 |  781.8 |
         Swamp |   2367 |   2290 |     77 |     39 |   1603 |   4 |  591.8 |
   Spider Nest |   3048 |   2897 |    151 |      0 |   2047 |   4 |  762.0 |
    Slime Pits |    183 |    108 |     75 |      0 |      8 |   5 |   36.6 |
         Abyss |     21 |     21 |      0 |      0 |     11 |   1 |   21.0 |
       Ossuary |    131 |    131 |      0 |      0 |     63 |   1 |  131.0 |
        Bailey |    372 |    372 |      0 |      0 |     95 |   1 |  372.0 |
      Ice Cave |    557 |    557 |      0 |      0 |    399 |   1 |  557.0 |
               +--------+--------+--------+--------+--------+-----+--------+

Top non-repeatable levels by time:
     D:1: 1250 daAuts
Spider:3: 951 daAuts
     D:5: 901 daAuts
  Lair:3: 892 daAuts
     D:3: 834 daAuts
  Lair:5: 815 daAuts
Spider:4: 787 daAuts
  Lair:1: 785 daAuts
  Lair:2: 735 daAuts
     D:9: 734 daAuts
Spider:2: 699 daAuts
 Swamp:4: 689 daAuts
  Lair:4: 680 daAuts
Spider:1: 610 daAuts
 Swamp:2: 605 daAuts
